 Dungeon Sprint DCSS version 0.29-a0-337-g68df138881 (webtiles) character file.

Game seed: 2630125371360177719

443 mhtbhm the Slicer (level 7, 0/52 HPs)
             Began as a Kobold Berserker on Apr 16, 2022.
             Was a Believer of Trog.
             Succumbed to Sonja's poison
             ... in the Dungeon (Sprint I: "Red Sonja").
             The game lasted 00:01:04 (729 turns).

mhtbhm the Slicer (Kobold Berserker)                 Turns: 729, Time: 00:01:05

Health: 0/52       AC:  5    Str: 17    XL:     7   Next: 23%
Magic:  7/7        EV: 15    Int:  8    God:    Trog [**....]
Gold:   125        SH:  0    Dex: 14    Spells: 6/6 levels left

rFire   . . .      SeeInvis .   a - +0 short sword
rCold   . . .      Faith    .   (no shield)
rNeg    . . .      Spirit   .   b - +0 ring mail
rPois   .          Reflect  .   (no helmet)
rElec   .          Harm     .   (no cloak)
rCorr   .          Rampage  .   (no gloves)
Will    .....      NoTele   +   (no boots)
Stlth   +++.......              (no amulet)
HPRegen 0.17/turn               (no ring)
MPRegen 0.10/turn               (no ring)

@: lethally poisoned (0 -> -21)
A: small, no large weapons, nightstalker 3
a: Renounce Religion, Berserk, Trog's Hand


You were in the Dungeon.
You worshipped Trog.
Trog was pleased with you.
You visited 1 branch You collected 297 gold pieces.
You spent 172 gold pieces at shops.

Inventory:

Hand Weapons
 a - a +0 short sword (weapon)
Armour
 b - a +0 ring mail (worn)
Scrolls
 h - 2 scrolls of blinking
Potions
 d - a potion of heal wounds
 e - a potion of haste
 f - 2 potions of magic
 g - a potion of berserk rage
 j - a potion of lignification {unknown}


   Skills:
 + Level 10.3 Fighting
 + Level 11.9 Short Blades
 + Level 4.2 Armour
 + Level 6.0 Dodging
 + Level 4.5 Stealth


You had 6 spell levels left.
You didn't know any spells.
Your spell library was empty.

Dungeon Overview and Level Annotations

Branches:
Dungeon (1/1)

Altars:
Cheibriados
Dithmenos
Elyvilon
Fedhas
Gozag
Hepliaklqana
Kikubaaqudgha
Nemelex Xobeh
Okawaru
Qazlal
Ru
Sif Muna
Trog
Uskayaw
Vehumet
Wu Jian
Yredelemnul
Zin
The Shining One

Shops:
D *

Annotations:
D Sonja


Innate Abilities, Weirdness & Mutations

You are small and have problems with some larger weapons.
You are completely attuned to the shadows.


Message History

Thank you for shopping at Rihoorav's Assorted Antiques!
There is an entrance to Rihoorav's Assorted Antiques here.
There is an open door here.
Okay, then.
You open the door.
Sonja, the Graceful Assassin comes into view.
She is wielding a +2 short sword of venom and quivering curare-tipped darts.
Found 108 gold pieces.
Unknown command.
There is an open door here.
Sonja shouts!
Sonja hits you with a +2 short sword of venom.
You are poisoned.
Sonja barely misses you.
Sonja hits you with a +2 short sword of venom.
Unknown command.
Aiming: Paralyse
Press: ? - help, Shift-Dir - straight line, f - Sonja
Aim: Sonja, wielding a +2 short sword of venom and quivering curare-tipped darts (chance to affect: 57%) Sonja resists with significant effort.
The now-empty wand crumbles to dust.
You feel very sick.
Sonja hits you with a +2 short sword of venom!
Sonja closely misses you.
Sonja hits you with a +2 short sword of venom.
You are more poisoned.
Unknown command.
You feel better.
Sonja hits you with a +2 short sword of venom!
You are poisoned.
Sonja barely misses you.
Sonja hits you with a +2 short sword of venom.
You are lethally poisoned!
Sonja hits you with a +2 short sword of venom!
* * * LOW HITPOINT WARNING * * *
Sonja barely misses you.
Sonja hits you with a +2 short sword of venom.
* * * LOW HITPOINT WARNING * * *
Blink to where?
Press: ? - help, Dir - move target, p - Sonja
As you read the scroll of blinking, it crumbles to dust.
You die...

################
#<.#..'..#.)'..#
#..)[.#.)'..#..+
#..#####'#####'#
#..####..#...#.#
#..#__####..##)#
#..#_____##'#_.+
#_.∩...'@.._#
#_..__##_.#'#
#_____###'#.#
#########.###
+$§$+ #$K$#
##.## #+#


There were no monsters in sight!

Vanquished Creatures
  Sigmund (D)
  A yak (D)
  An ogre (D)
  A jelly (D)
  Ijyb (D)
5 creatures vanquished.

Notes
Turn   | Place    | Note
-------+----------+-------------------------------------------
     0 | D        | mhtbhm the Kobold Berserker began the quest for the Orb.
     0 | D        | Reached XP level 1. HP: 14/14 MP: 1/1
     1 | D        | Noticed Ijyb
     7 | D        | Paralysed by Ijyb for 2 turns
    14 | D        | Killed Ijyb
    15 | D        | Reached skill level 5 in Fighting
    15 | D        | Reached skill level 6 in Short Blades
    15 | D        | Reached XP level 2. HP: 9/21 MP: 2/2
    15 | D        | Reached XP level 3. HP: 12/26 MP: 3/3
   239 | D        | Noticed an ogre
   244 | D        | Killed an ogre
   245 | D        | Reached skill level 8 in Short Blades
   245 | D        | Reached XP level 4. HP: 34/34 MP: 4/4
   245 | D        | Reached XP level 5. HP: 38/38 MP: 5/5
   256 | D        | Noticed Sigmund
   265 | D        | Killed Sigmund
   265 | D        | Reached ** piety under Trog
   266 | D        | Reached skill level 10 in Short Blades
   266 | D        | Reached skill level 5 in Dodging
   266 | D        | Reached XP level 6. HP: 34/46 MP: 6/6
   431 | D        | Found an ornate altar of the Wu Jian Council.
   432 | D        | Found a shimmering blue altar of Sif Muna.
   433 | D        | Found a radiant altar of Vehumet.
   701 | D        | Found a hazy altar of Hepliaklqana.
   701 | D        | Found a stormy altar of Qazlal.
   701 | D        | Found a hide-covered altar of Uskayaw.
   701 | D        | Found a blossoming altar of Fedhas.
   701 | D        | Noticed a yak
   702 | D        | Found Rihoorav's Assorted Antiques.
   702 | D        | Found a bloodstained altar of Trog.
   702 | D        | Found an opulent altar of Gozag.
   702 | D        | Found a snail-covered altar of Cheibriados.
   703 | D        | Killed a yak
   704 | D        | Reached skill level 10 in Fighting
   704 | D        | Reached skill level 11 in Short Blades
   704 | D        | Reached XP level 7. HP: 52/52 MP: 7/7
   704 | D        | Found an iron altar of Okawaru.
   704 | D        | Found a sparkling altar of Nemelex Xobeh.
   704 | D        | Found a sacrificial altar of Ru.
   704 | D        | Found a glowing silver altar of Zin.
   705 | D        | Found an ancient bone altar of Kikubaaqudgha.
   705 | D        | Found a basalt altar of Yredelemnul.
   705 | D        | Found a glowing golden altar of the Shining One.
   705 | D        | Found a shadowy altar of Dithmenos.
   705 | D        | Found a white marble altar of Elyvilon.
   708 | D        | Bought a scroll of blinking for 172 gold pieces
   723 | D        | Noticed Sonja
   729 | D        | Succumbed to Sonja's poison

Illustrated notes

Levels and vault maps discovered:
D:        dungeon_sprint_1 [red_sonja_temple_1, red_sonja_temple_small_1]

Skill      XL: |  1  2  3  4  5  6 |
---------------+-------------------+-----
Fighting       | 5 7 9 10 | 10.3
Short Blades   | 6 8 10 11 | 11.9
Armour         | 2 3 4 |  4.2
Dodging        | 3 4 5 6 |  6.0
Stealth        | 2 3 4 |  4.5

Action                   |  1- 3 |  4- 6 |  7- 9 || total
-------------------------+-------+-------+-------++-------
Melee: Short sword       |    12 |    12 |       ||    24
Invok: Berserk           |     1 |     2 |       ||     3
Evoke: Wand              |     1 |       |     1 ||     2
  Use: Scroll            |       |       |     1 ||     1
       Potion            |       |       |     1 ||     1
 Stab: Paralysed         |     2 |       |       ||     2
       Sleeping          |       |     1 |       ||     1
Armor: Ring mail         |       |     1 |       ||     1
Dodge: Dodged            |       |     1 |     4 ||     5

Table legend: (Time is in decaauts)
 A = Elapsed time spent in this place.
 B = Non-inter-level travel time spent in this place.
 C = Inter-level travel time spent in this place.
 D = Time resting spent in this place.
 E = Time spent auto-exploring this place.
 F = Levels seen in this place.
 G = Mean time per level.
                   A        B        C        D        E       F      G
               +--------+--------+--------+--------+--------+-----+--------+
         Total |    753 |    753 |      0 |    603 |      1 |   1 |  753.0 |
       Dungeon |    753 |    753 |      0 |    603 |      1 |   1 |  753.0 |
               +--------+--------+--------+--------+--------+-----+--------+

Top non-repeatable levels by time:
       D: 753 daAuts
